 Dungeon Crawl Stone Soup version 0.31-a0-460-g9e667d4245 (webtiles) character file.

Game seed: 8781877918048689640

16 Maratek the Conjurer (level 2, 0/18 HPs)
             Began as a Tengu Reaver on Aug 4, 2023.
             Frozen to death by an endoplasm (4 damage)
             ... on level 1 of the Dungeon.
             The game lasted 00:00:40 (291 turns).

Maratek the Conjurer (Tengu Reaver)                  Turns: 291, Time: 00:00:41

Health: 0/18       AC:  3    Str: 12    XL:     2   Next: 54%
Magic:  6/6        EV: 11    Int: 13    God:
Gold:   0          SH:  0    Dex: 12    Spells: 4/5 levels left

rFire   . . .        a - +0 falchion
rCold   . . .        (no shield)
rNeg    . . .        b - +0 leather armour
rPois   .            (helmet restricted)
rElec   .            (no cloak)
rCorr   .            (no gloves)
SInv    .            (boots unavailable)
Will    .....        (no amulet)
Stlth   +            (no ring)
HPRegen 0.23/turn    (no ring)
MPRegen 0.10/turn

%: no passive effects
@: no status effects
A: beak, talons 3
a: no special abilities


You were on level 1 of the Dungeon.
You visited 1 branch of the dungeon, and saw 1 of its levels.

Inventory:

Hand Weapons
 a - a +0 falchion (weapon)
Armour
 b - a +0 leather armour (worn)


   Skills:
 + Level 2.4 Fighting
 + Level 3.7 Long Blades
 + Level 2.2 Dodging
 + Level 2.0 Spellcasting
 + Level 4.1 Conjurations


You had 4 spell levels left.
You knew the following spells:

 Your Spells              Type           Power      Damage    Failure   Level
a - Kiss of Death         Conj/Necr      24%        2d7       14%         1

Your spell library contained the following spells:

 Spells                   Type           Power      Damage    Failure   Level
 Momentum Strike          Conj/Tloc      12%        3d8       21%         2
 Hailstorm                Conj/Ice       6%         3d4       38%         3


Dungeon Overview and Level Annotations

Branches:
Dungeon (1/15)

Altars:


Innate Abilities, Weirdness & Mutations

You have a beak for a mouth.
You have claws for feet.


Message History

Your kick misses the giant cockroach. You peck the giant cockroach.
The giant cockroach is heavily wounded.
The giant cockroach closely misses you.
An endoplasm comes into view.
The giant cockroach bites you but does no damage.
You closely miss the giant cockroach.
The endoplasm quivers.
Your kick misses the giant cockroach. You peck the giant cockroach.
The giant cockroach is severely wounded.
The giant cockroach barely misses you. The ball python bites you.
The ball python grabs you. The ball python constricts you.
You barely miss the giant cockroach.
The giant cockroach is severely wounded.
The giant cockroach closely misses you. The ball python closely misses you.
The ball python constricts you.
You barely miss the giant cockroach. Your kick misses the giant cockroach.
The giant cockroach is severely wounded.
The giant cockroach bites you but does no damage.
The ball python bites you but does no damage.
The ball python constricts you.
The giant cockroach bites you but does no damage.
You barely miss the giant cockroach. You peck the giant cockroach.
You kill the giant cockroach!
The ball python closely misses you. The ball python constricts you.
The ball python bites you. The ball python constricts you.
You escape the ball python's grasp.
The quokka bites you.
You hit the ball python. You claw the ball python.
You kill the ball python!
The quokka barely misses you. The hobgoblin hits you.
Found a stone staircase leading down.
The quokka barely misses you. The hobgoblin hits you.
* * * LOW HITPOINT WARNING * * *
The quokka bites you.
* * * LOW HITPOINT WARNING * * *
The endoplasm closely misses you. The hobgoblin misses you.
The quokka closely misses you.
You hit the endoplasm but do no damage. The endoplasm freezes you.
You are frozen.
You die...

♣♣ ~. ~^ ##+# ~.
##...############ ♣P
##.....#.....†...# ♣
##.>......#####.#.# .
......g.r.####....# ^
......J@..+.......# .
#.........###.....#
.##..##...###.#.#.######
..... #.#...............
.... .######.##########
.... .. #. .>. # #


You could see an endoplasm, a quokka and a hobgoblin.

Vanquished Creatures
  2 dart slugs (D:1)
  A bat (D:1)
  2 giant cockroaches (D:1)
  3 hobgoblins (D:1)
  A ball python (D:1)
  2 rats (D:1)
11 creatures vanquished.

Notes
Turn   | Place    | Note
-------+----------+-------------------------------------------
     0 | D:1      | Maratek the Tengu Reaver began the quest for the Orb.
     0 | D:1      | Reached XP level 1. HP: 12/12 MP: 4/4
   136 | D:1      | Reached XP level 2. HP: 18/18 MP: 6/6
   291 | D:1      | Frozen to death by an endoplasm

Illustrated notes

Levels and vault maps discovered:
D:1:      psy_arrival_wood_between_worlds, layout_loops_corners, st_stairs_5

Action                     || total
---------------------------++-------
  Melee: Falchion          ||    31
         Kick              ||     9
         Peck              ||     8
 Armour: Leather armour    ||    12
  Dodge: Dodged            ||    19

Table legend: (Time is in decaauts)
 A = Elapsed time spent in this place.
 B = Non-inter-level travel time spent in this place.
 C = Inter-level travel time spent in this place.
 D = Time resting spent in this place.
 E = Time spent auto-exploring this place.
 F = Levels seen in this place.
 G = Mean time per level.
                   A        B        C        D        E       F      G
               +--------+--------+--------+--------+--------+-----+--------+
         Total |    294 |    294 |      0 |      0 |    211 |   1 |  294.0 |
       Dungeon |    294 |    294 |      0 |      0 |    211 |   1 |  294.0 |
               +--------+--------+--------+--------+--------+-----+--------+

Top non-repeatable levels by time:
     D:1: 294 daAuts
